 Dungeon Crawl Stone Soup version 0.13.0-25-g43d4df3 (webtiles) character file.

3724 MackTheKnife the Covert (level 9, -8/42 HPs)
             Began as a Spriggan Assassin on Oct 29, 2013.
             Was a Believer of Makhleb.
             Mangled by a troll (13 damage)
             ... on Level 10 of the Dungeon.
             The game lasted 00:33:58 (11153 turns).

MackTheKnife the Covert (Spriggan Assassin)        Turns: 11153, Time: 00:33:59

HP  -8/42        AC  4     Str  8      XL: 9   Next: 59%
MP  25/25        EV 19     Int 14      God: Makhleb [**....]
Gold 626         SH  0     Dex 18      Spells:  2 memorised, 14 levels left

Res.Fire  : + . .   See Invis. : +   J - +3,+4 dagger (return)
Res.Cold  : . . .   Warding    : .   i - +0 robe
Life Prot.: . . .   Conserve   : .   (shield restricted)
Res.Poison: +       Res.Corr.  : .   (helmet restricted)
Res.Elec. : .       Clarity    : .   d - +1 cloak
Sust.Abil.: . .     Spirit.Shd : .   (gloves unavailable)
Res.Mut.  : .       Stasis     : .   (boots unavailable)
Res.Rott. : .       Flight     : .   (no amulet)
Saprovore : . . .                    K - ring of poison resistance
                                     G - ring of protection from fire

@: very quick, quite resistant to hostile enchantments, extremely stealthy
A: unfitting armour, see invisible, herbivore 3, speed 3, slow metabolism 2
a: Minor Destruction, Renounce Religion


You were on level 10 of the Dungeon.
You worshipped Makhleb.
Makhleb was pleased with you.
You were very hungry.

You visited 1 branch of the dungeon, and saw 10 of its levels.

You collected 576 gold pieces.

Inventory:

Hand weapons
 b - a +0 blowgun
 J - a +3,+4 dagger of returning (weapon)
Missiles
 e - 31 poisoned needles
Armour
 d - a +1 cloak (worn)
 i - a +0 robe (worn)
Magical devices
 r - a wand of lightning (0)
 E - a wand of random effects (6)
 N - a wand of digging (12)
Comestibles
 n - 3 bread rations
 I - an apricot
Scrolls
 l - 4 scrolls of identify
 m - 2 scrolls of magic mapping
 q - 2 scrolls of enchant armour
 s - 6 scrolls of remove curse {unknown}
 t - 2 scrolls of teleportation
 B - 2 scrolls of recharging {unknown}
 D - a scroll of fog
Jewellery
 a - an uncursed amulet of resist corrosion
 j - an uncursed ring of teleport control
 o - an uncursed ring of flight
 G - a ring of protection from fire (left hand)
 K - a ring of poison resistance (right hand)
 L - a cursed ring of teleportation
Potions
 c - a potion of cure mutation {unknown}
 g - a potion of porridge
 h - a potion of curing
 k - a potion of invisibility {unknown}
 p - 2 potions of heal wounds
 u - a potion of decay {unknown}
 w - 4 potions of agility {unknown}
 z - a potion of speed
 A - a potion of flight {unknown}
 C - a potion of restore abilities {unknown}
 F - 3 potions of brilliance
 H - a potion of confusion {unknown}
 M - a potion of might {unknown}
Books
 x - a book of Debilitation

   Spells                             Type                      Level
   Corona                             Hexes                        1
   *Slow                              Hexes                        2
   Inner Flame                        Hexes/Fire                   3
   *Enslavement                       Hexes                        4
   Cause Fear                         Hexes                        4
   Leda's Liquefaction                Hexes/Earth                  4
Magical staves
 y - an uncursed staff of cold


   Skills:
 - Level 1.5 Fighting
 - Level 6.0 Short Blades
 - Level 2.1 Throwing
 + Level 3.7 Dodging
 + Level 11.2 Stealth
 + Level 6.3 Spellcasting
 - Level 10.5 Hexes


You had 14 spell levels left.
You knew the following spells:

 Your Spells              Type           Power        Failure   Level  Hunger
a - Slow                  Hex            ####....     1%          2    #......
b - Enslavement           Hex            ####....     1%          4    ####...


Dungeon Overview and Level Annotations

Branches:
Dungeon (10/27)            Temple (0/1) D:7
    Orc: D:6-11        Lair: D:8-13

Altars:
Makhleb
Nemelex Xobeh
Sif Muna
Xom
Zin

Shops:
D:6 =

Annotations:
D:5 exclusion: 2 doors, Prince Ribbit
D:8 1 exclusion
D:10 exclusion: player ghost, erdraug's ghost, experienced TeCj


Innate Abilities, Weirdness & Mutations

You are tiny and cannot use many weapons and most armour.
You have supernaturally acute eyesight.
You are a herbivore.
You cover ground extremely quickly.
You need consume almost no food.


Message History

The giant frog completely misses you.
Evoke which item? (* to show all) (? for menu, Esc to quit)
Zapping:
E - a wand of random effects {zapped: 2}
Press: ? - help, Shift-Dir - straight line, f/p - giant frog
Aim: a giant frog (almost dead)
The giant frog struggles to resist.
The giant frog hits you. The troll bites you. The troll barely misses you.
The troll barely misses you. The giant frog closely misses you.
You closely miss the giant frog.
The giant frog is almost dead.
The troll closely misses you. The troll barely misses you.
The troll completely misses you. The giant frog misses you.
Evoke which item? (* to show all) (? for menu, Esc to quit)
Zapping:
E - a wand of random effects {zapped: 3}
Press: ? - help, Shift-Dir - straight line, f/p - giant frog
Aim: a giant frog (almost dead)
The giant frog easily resists.
The giant frog misses you. The troll bites you!
* * * LOW HITPOINT WARNING * * *
The troll claws you!
You die...

#.#.# #........ #...
#...# #....... ####
#.### ##.#### #.# #.#
##.# . ## #..# #.
######.########## #.
................###.##
#.
#####..########T@F...#
#. #.## ####....... #.
#.# #.### +. #.# # #.
#T# #. #.# ## #.# #
#.# # #=#


You could see a troll and a giant frog.

Vanquished Creatures
  Maurice (D:9)
  2 yaks (D:8)
  An orc warrior (D:6)
  2 ice beasts
  A black bear (D:8)
  2 centaurs
  2 sky beasts (D:8)
  2 phantoms
  2 crocodiles (D:10)
  4 ogres
  2 giant frogs
  A quasit (D:7)
  4 crimson imps
  2 giant frog zombies (D:5)
  A centaur zombie (D:5)
  A jelly (D:8)
  2 hounds
  An iguana (D:7)
  2 orc priests
  4 scorpions
  4 worker ants
  13 adders
  3 worms
  2 giant eyeballs
  A giant gecko (D:2)
  An ooze (D:2)
  22 orcs
  2 ball pythons
  17 bats
  A bat zombie (D:5)
  4 giant cockroaches
  13 goblins
  9 hobgoblins
  11 jackals
  5 quokkas
  6 giant newts
  A jackal skeleton (D:6)
  18 kobolds
  17 rats
  A rat zombie (D:7)
190 creatures vanquished.

Vanquished Creatures (collateral kills)
  3 yaks (D:8)
  A phantom (D:8)
  An orc wizard (D:7)
  7 orcs
  A hobgoblin (D:8)
13 creatures vanquished.

Grand Total: 203 creatures vanquished

Notes
Turn   | Place    | Note
--------------------------------------------------------------
     0 | D:1      | MackTheKnife, the Spriggan Assassin, began the quest for the Orb.
     0 | D:1      | Reached XP level 1. HP: 10/10 MP: 1/1
    37 | D:1      | Reached skill level 6 in Stealth
   347 | D:1      | Reached XP level 2. HP: 8/14 MP: 3/3
  1179 | D:2      | Reached skill level 7 in Stealth
  1191 | D:2      | Reached XP level 3. HP: 18/18 MP: 5/5
  1522 | D:2      | Found a glowing silver altar of Zin.
  1581 | D:2      | Reached XP level 4. HP: 13/22 MP: 7/7
  2577 | D:3      | Reached skill level 8 in Stealth
  3427 | D:4      | Noticed an ogre
  3433 | D:4      | Killed an ogre
  3433 | D:4      | Reached skill level 9 in Stealth
  3433 | D:4      | Reached XP level 5. HP: 25/25 MP: 9/9
  3467 | D:4      | Learned a level 2 spell: Slow
  3620 | D:4      | Reached skill level 1 in Hexes
  4060 | D:4      | Reached XP level 6. HP: 30/30 MP: 11/11
  4108 | D:4      | Noticed a phantom
  4143 | D:5      | Entered Level 5 of the Dungeon
  4143 | D:5      | Noticed Prince Ribbit
  4672 | D:5      | Found a shimmering altar of Xom.
  4718 | D:5      | Reached skill level 10 in Stealth
  5081 | D:5      | Reached skill level 5 in Short Blades
  5183 | D:5      | Reached XP level 7. HP: 34/34 MP: 13/13
  5885 | D:6      | Found a burning altar of Makhleb.
  5914 | D:6      | Reached skill level 5 in Hexes
  6579 | D:6      | Found a deep blue altar of Sif Muna.
  6691 | D:6      | Became a worshipper of Makhleb the Destroyer
  6798 | D:6      | Found Muazu's Jewellery Emporium.
  7220 | D:6      | Reached XP level 8. HP: 34/38 MP: 15/15
  7238 | D:6      | Learned a level 4 spell: Enslavement
  7300 | D:6      | Reached skill level 1 in Spellcasting
  7763 | D:7      | Found a staircase to the Ecumenical Temple.
  8030 | D:7      | Acquired Makhleb's first power
  9002 | D:8      | Paralysed by a giant eyeball for 3 turns
  9623 | D:8      | Acquired Makhleb's second power
  9623 | D:8      | Reached XP level 9. HP: 39/42 MP: 12/23
  9980 | D:9      | Noticed Maurice
 10009 | D:9      | Killed Maurice
 10009 | D:9      | Reached skill level 5 in Spellcasting
 10009 | D:9      | Reached skill level 10 in Hexes
 10279 | D:9      | Found a shimmering altar of Xom.
 10427 | D:9      | Found a sparkling altar of Nemelex Xobeh.
 10643 | D:10     | Entered Level 10 of the Dungeon
 10667 | D:10     | Reached skill level 11 in Stealth
 11015 | D:10     | Noticed erdraug's ghost (experienced TeCj)
 11153 | D:10     | Mangled by a troll

Action                   |  1- 3 |  4- 6 |  7- 9 || total
-------------------------+-------+-------+-------++-------
Melee: Dagger            |    87 |   437 |   415 ||   939
       Sabre             |       |       |   186 ||   186
 Fire: Blowgun           |     3 |    13 |    46 ||    62
 Cast: Slow              |       |       |    16 ||    16
       Enslavement       |       |       |    18 ||    18
Evoke: Wand              |       |       |     9 ||     9
  Use: Scroll            |     3 |    15 |     5 ||    23
       Potion            |       |       |     8 ||     8
 Stab: Sleeping          |    12 |    17 |    21 ||    50
       Distracted        |     1 |       |     2 ||     3
       Paralysed         |       |       |     1 ||     1
